 Dungeon Crawl Stone Soup version 0.18-a0-952-g309898a (webtiles) character file.

88 deanyohobro the Skirmisher (level 4, -12/29 HPs)
             Began as a Gargoyle Fighter on Dec 30, 2015.
             Mangled by PinkishYellow's ghost (13 damage)
             ... on level 3 of the Dungeon.
             The game lasted 00:03:32 (1880 turns).

deanyohobro the Skirmisher (Gargoyle Fighter)       Turns: 1880, Time: 00:03:32

Health: -12/29     AC: 10    Str: 21    XL:     4   Next: 54%
Magic:  4/4        EV:  7    Int:  8    God:
Gold:   61         SH:  9    Dex:  9    Spells: 0 memorised, 3 levels left

rFire  . . .     SeeInvis .     a - +0 flail
rCold  . . .     Gourm    .     b - +0 scale mail
rNeg   + . .     Faith    .     c - +0 shield
rPois  ∞         Spirit   .     (no helmet)
rElec  +         Dismiss  .     (no cloak)
rCorr  .         Reflect  .     (no gloves)
SustAt .         Harm     .     (no boots)
MR     .....                    (no amulet)
Stlth  ..........               (no ring)
                                (no ring)

@: not resistant to hostile enchantments, extremely unstealthy
A: negative energy resistance 1, electricity resistance, unbreathing,
petrification resistance, rot immunity, AC +3
a: no special abilities


You were on level 3 of the Dungeon.
You were hungry.

You visited 1 branch of the dungeon, and saw 3 of its levels.

You collected 61 gold pieces.

Inventory:

Hand Weapons
 a - a +0 flail (weapon)
Armour
 b - a +0 scale mail (worn)
 c - a +0 shield (worn)
Scrolls
 e - a scroll of recharging {unknown}
 h - 2 scrolls of identify {unknown}
 i - a scroll of remove curse {unknown}
 j - a scroll of teleportation {unknown}
 n - a scroll of fear {unknown}
 p - a scroll of noise {unknown}
 q - a scroll of amnesia {unknown}
 s - a scroll of magic mapping {unknown}
 u - a scroll of random uselessness {unknown}
Potions
 d - a potion of might
 k - a potion of curing {unknown}
 l - a potion of lignification {unknown}
 m - 2 potions of agility {unknown}
 o - a potion of heal wounds {unknown}
 r - a potion of haste {unknown}
Comestibles
 f - 4 bread rations
 g - a meat ration


   Skills:
 + Level 3.9 Fighting
 * Level 3.7 Maces & Flails
 - Level 3.2 Armour
 + Level 3.9 Shields


You had 3 spell levels left.
You didn't know any spells.

Dungeon Overview and Level Annotations

Branches:
Dungeon (3/15)

Altars:
Cheibriados
Dithmenos

Annotations:
D:3 PinkishYellow's ghost, amateur HOFi


Innate Abilities, Weirdness & Mutations

You are resistant to torment.
Your stone body is resilient (AC +3).
You are immune to poison.
You resist negative energy.
You are resistant to electric shocks.
You can survive without breathing.
You are immune to petrification.
You are immune to rotting.


Message History

You thump the orc!
You kill the orc!
You closely miss the goblin. The goblin hits you.
The orc wizard mumbles some strange words.
The orc wizard blinks!
You hit the goblin.
You kill the goblin!
You sock PinkishYellow's ghost!
PinkishYellow's ghost is lightly damaged.
PinkishYellow's ghost hits you!
You hit PinkishYellow's ghost but do no damage.
PinkishYellow's ghost is lightly damaged.
You block PinkishYellow's ghost's attack.
PinkishYellow's ghost hits you!
* * * LOW HITPOINT WARNING * * *
Your shield and scale mail prevent you from hitting PinkishYellow's ghost.
PinkishYellow's ghost is lightly damaged.
The orc wizard is no longer moving quickly.
PinkishYellow's ghost hits you!
You die...

.#.#########...........
...........#............
.#.#####...#.........(..
.#.#.#.....#............
.#...#.....#............
.#.#....<..#............
.###.#...#.#............
........................
.#.#.......#.###@##.#.#
.#.##.....##.# #W#
.#..+.....'..# #os....#
.####.....#### #o.....#
## ####### #......# ..
......... .. .......#.
## ##.....# .....#


You could see an orc wizard, PinkishYellow's ghost, an orc and a giant
cockroach.

Vanquished Creatures
  Ijyb (D:2)
  A worm (D:1)
  4 giant geckos
  3 orcs (D:3)
  10 bats
  3 giant cockroaches
  8 goblins
  4 hobgoblins (D:1)
  2 jackals (D:2)
  5 kobolds
  6 giant newts
  8 rats
55 creatures vanquished.

Notes
Turn   | Place    | Note
--------------------------------------------------------------
     0 | D:1      | deanyohobro the Gargoyle Fighter began the quest for the Orb.
     0 | D:1      | Reached XP level 1. HP: 14/14 MP: 1/1
   133 | D:1      | Reached XP level 2. HP: 19/19 MP: 2/2
   410 | D:1      | Reached XP level 3. HP: 8/23 MP: 3/3
  1336 | D:2      | Noticed Ijyb
  1355 | D:2      | Killed Ijyb
  1355 | D:2      | Reached XP level 4. HP: 19/29 MP: 4/4
  1577 | D:2      | Found a shadowy altar of Dithmenos.
  1632 | D:2      | Found a faded altar to an unknown god.
  1684 | D:2      | Found a snail-covered altar of Cheibriados.
  1868 | D:3      | Noticed PinkishYellow's ghost (amateur HOFi)
  1879 | D:3      | HP: 1/29 [PinkishYellow's ghost (12)]
  1880 | D:3      | Mangled by PinkishYellow's ghost

Vault maps used:
D:1:      onia_arrival_pyramid, minmay_distorted
D:2:      cheibriados_altar_1, grunt_dithmenos_smoke_and_mirrors,
          ecumenical_altar_2, uniq_iyjb
D:3:      hangedman_abyss_or_decor_lesser_grid, okawaru_ov_weapons_minmay

Action                   |  1- 3 |  4- 6 || total
-------------------------+-------+-------++-------
Melee: Flail             |   156 |    74 ||   230
  Eat: Chunk             |       |     3 ||     3
